 Dungeon Crawl Stone Soup version 0.29-a0-418-gc0181ea820 (webtiles) character file.

Game seed: 1927353180569855530

242 Hubjo the Firebug (level 5, -12/31 HPs)
             Began as a Deep Elf Fire Elementalist on May 17, 2022.
             Mangled by an ogre
             ... wielding a +0 giant spiked club
              (22 damage)
             ... on level 3 of the Dungeon.
             The game lasted 00:04:15 (5103 turns).

Hubjo the Firebug (Deep Elf Fire Elementalist)      Turns: 5103, Time: 00:04:15

Health: -12/31     AC:  2    Str:  5    XL:     5   Next: 81%
Magic:  13/13      EV: 13    Int: 22    God:
Gold:   127        SH:  0    Dex: 21    Spells: 12/13 levels left

rFire   . . .      SeeInvis .   n - +2 whip (venom)
rCold   . . .      Faith    .   (no shield)
rNeg    . . .      Spirit   .   a - +0 robe
rPois   .          Reflect  .   (no helmet)
rElec   .          Harm     .   (no cloak)
rCorr   .          Rampage  .   (no gloves)
Will    .....                   (no boots)
Stlth   +++.......              f - amulet of the acrobat
HPRegen 0.10/turn               r - +6 ring of dexterity
MPRegen 0.13/turn               (no ring)

@: no status effects
A: no striking features
a: no special abilities


You were on level 3 of the Dungeon.
You visited 1 branch of the dungeon, and saw 4 of its levels.

You collected 127 gold pieces.

Inventory:

Hand Weapons
 l - a +1 spear of flaming
 n - a +2 whip of venom (weapon)
Armour
 a - a +0 robe (worn)
Jewellery
 f - an amulet of the acrobat (around neck)
 r - a +6 ring of dexterity (left hand)
Scrolls
 e - a scroll of identify
 i - a scroll of silence {unknown}
 q - a scroll of magic mapping
Potions
 b - a potion of magic
 c - a potion of mutation {unknown}
 d - a potion of degeneration {unknown}
 g - a potion of ambrosia {unknown}
 h - a potion of brilliance
 j - a potion of heal wounds {unknown}
 o - a potion of might {unknown}
 p - a potion of lignification {unknown}


   Skills:
 + Level 2.5 Fighting
 - Level 2.4 Dodging
 + Level 4.1 Stealth
 + Level 4.5 Spellcasting
 - Level 1.1 Conjurations
 * Level 4.6 Fire Magic


You had 12 spell levels left.
You knew the following spells:

 Your Spells              Type           Power      Damage    Failure   Level
a - Foxfire               Conj/Fire      68%        2x1d7     3%          1

Your spell library contained the following spells:

 Spells                   Type           Power      Damage    Failure   Level
 Scorch                   Fire           50%        2d7       2%          2
 Conjure Flame            Conj/Fire      17%        6-21      10%         3
 Summon Small Mammal      Summ           16%        N/A       11%         1
 Inner Flame              Hex/Fire       15%        N/A       12%         3
 Call Canine Familiar     Summ           4%         N/A       32%         3
 Summon Guardian Golem    Hex/Summ       4%         N/A       32%         3
 Flame Wave               Conj/Fire      17%        2d6       32%         4


Dungeon Overview and Level Annotations

Branches:
Dungeon (4/15)
 Temple: D:4-7

Altars:
Cheibriados

Shops:
D:1 (


Message History

You start resting.
You start resting.
HP restored.
You start waiting.
Done waiting.
You start waiting.
Done waiting.
Things that are here:
a +0 hand axe; a +0 scale mail
There is a stone staircase leading down here.
You climb downwards.
The ufetubus hits you. The ufetubus closely misses you. x2
The ufetubus hits you but does no damage.
The orc misses you. The orc barely misses you. The ogre barely misses you.
The orc hits you with a +0 mace.
The kobold shoots a bolt.
The bolt misses you.
The bolt hits the orc.
The ufetubus closely misses you. x2
The orc misses you. The orc hits you with a +0 short sword. The orc misses you.
There is a stone staircase leading up, spattered with blood here.
The kobold shoots a bolt.
The bolt closely misses you.
The bolt hits the orc.
The ufetubus barely misses you. The ufetubus completely misses you.
The ogre closely misses you. The orc barely misses you.
The orc hits you with a +0 falchion. The orc barely misses you.
You climb upwards.
There is a stone staircase leading down here.
As you read the scroll labelled ZOROYVIARPH, it crumbles to dust.
It is a scroll of identify.
q - a scroll of magic mapping The ufetubus misses you.
The ufetubus closely misses you. The ufetubus hits you.
The ufetubus misses you. The orc misses you. The orc barely misses you.
The ogre barely misses you. The orc closely misses you.
The air fills with toxic fumes!
As you read the scroll labelled BAEGYS KUSIKH, it crumbles to dust.
It was a scroll of poison.
The ufetubus closely misses you. x2
The orc closely misses you. The orc barely misses you. x2
As you read the scroll labelled JOEGUCLAOFO, it crumbles to dust.
The scroll dissolves into smoke.
It was a scroll of fog.
The ufetubus misses you. The ufetubus closely misses you.
The ogre hits you with a +0 giant spiked club!!
Ouch! That really hurt!
You die...

##### ##### #...# #§§§#
#...### #§§§# ####......
#§§§## #......### ######§§§§#
#.........
#§§§§§§§§§###......##.
#§§§O§o§§§§§§.........
#§§§§@o§§§§§§.........
##§§§o5§§§###.....###.
##########§§§§##§##......###.
#.......§§§§§§§..§§.......###
#......§§§§§§§#§...§...#..###
#....§§§§§§§§§###.....###....
#....§§§§§###§§..........#.#.
#....§§§§§# #####........#...
#####.##### #....>.....###.


You could see an ogre, 3 orcs and an ufetubus.

Vanquished Creatures
  Jessica (D:2)
  An iguana (D:3)
  An orc wizard (D:3)
  5 adders
  A river rat (D:3)
  9 worms
  4 dart slugs
  11 orcs (D:3)
  2 bats (D:3)
  5 endoplasms
  6 giant cockroaches
  4 goblins
  3 hobgoblins
  2 quokkas
  9 ball pythons
  4 frilled lizards
  7 kobolds
  7 rats
82 creatures vanquished.

Vanquished Creatures (others)
  625 foxfires
625 creatures vanquished.

Grand Total: 707 creatures vanquished

Notes
Turn   | Place    | Note
-------+----------+-------------------------------------------
     0 | D:1      | Hubjo the Deep Elf Fire Elementalist began the quest for
                  | the Orb.
     0 | D:1      | Reached XP level 1. HP: 10/10 MP: 6/6
   335 | D:1      | Found Tesank's Antique Weapon Emporium.
   388 | D:1      | Reached XP level 2. HP: 16/16 MP: 0/8
   624 | D:1      | Reached skill level 1 in Fighting
   663 | D:1      | You fall into a shaft and drop 1 floor!
   676 | D:2      | Noticed Jessica
   690 | D:2      | Killed Jessica
   691 | D:2      | Reached XP level 3. HP: 20/20 MP: 0/10
  1276 | D:1      | Found a faded altar of an unknown god.
  1876 | D:2      | Reached XP level 4. HP: 26/26 MP: 8/11
  3565 | D:3      | Reached XP level 5. HP: 30/30 MP: 8/13
  4093 | D:3      | Found a snail-covered altar of Cheibriados.
  4505 | D:4      | Noticed an ogre
  5103 | D:3      | Mangled by an ogre

Illustrated notes

Levels and vault maps discovered:
D:1:      amcnicky_arrival_wind_blow, layout_basic,
          ebering_ecumenical_altar_webs, serial_shops,
          nicolae_shop_behind_doors, minmay_misc_feat_chi, st_stairs_9,
          kennysheep_decorative_pillar
D:2:      layout_rooms, uniq_jessica
D:3:      layout_rooms, cheibrodos_worm_habitat, lightli_sewer_entry_pipes
D:4:      layout_rooms, ebering_ghost_rock_garden, serial_shops,
          nicolae_square_shop, nicolae_specific_store, uniq_menkaure

Skill      XL: |  1  2  3  4  5 |
---------------+----------------+-----
Fighting       | 1 2 |  2.5
Stealth        | 3 4 |  4.1
Spellcasting   | 4 |  4.5
Fire Magic     | 4 |  4.6
Dodging        | |  2.4
Conjurations   | |  1.1

Action                   |  1- 3 |  4- 6 || total
-------------------------+-------+-------++-------
Melee: Whip              |       |     1 ||     1
 Cast: Foxfire           |   142 |   230 ||   372
  Use: Scroll            |       |     3 ||     3
       Potion            |       |     1 ||     1
Armor: Robe              |       |     4 ||     4
Dodge: Dodged            |    12 |    71 ||    83

Table legend: (Time is in decaauts)
 A = Elapsed time spent in this place.
 B = Non-inter-level travel time spent in this place.
 C = Inter-level travel time spent in this place.
 D = Time resting spent in this place.
 E = Time spent auto-exploring this place.
 F = Levels seen in this place.
 G = Mean time per level.
                   A        B        C        D        E       F      G
               +--------+--------+--------+--------+--------+-----+--------+
         Total |   5175 |   5061 |    114 |    439 |   3977 |   4 | 1293.8 |
       Dungeon |   5175 |   5061 |    114 |    439 |   3977 |   4 | 1293.8 |
               +--------+--------+--------+--------+--------+-----+--------+

Top non-repeatable levels by time:
     D:3: 2569 daAuts
     D:1: 1444 daAuts
     D:2: 1151 daAuts
     D:4: 9 daAuts
